 Dungeon Crawl Stone Soup version 0.23.1 (webtiles) character file.

Game seed: 1401654310898586371

5360 misha the Spear-Bearer (level 10, -1/138 HPs)
             Began as a Merfolk Berserker on Mar 3, 2019.
             Was a High Priest of Trog.
             Slain by a yak (6 damage)
             ... on level 9 of the Dungeon.
             The game lasted 00:38:49 (12365 turns).

misha the Spear-Bearer (Merfolk Berserker)         Turns: 12365, Time: 00:38:52

Health: -1/138     AC: 25    Str: 21    XL:     10   Next: 65%
Magic:  10/10      EV:  2    Int:  7    God:    Trog [*****.]
Gold:   393        SH:  7    Dex: 13    Spells: 9/9 levels left

rFire    . . .     SeeInvis .   b - +0 trident
rCold    . . .     Gourm    .   S - +0 shield
rNeg     + + +     Faith    .   (armour currently unavailable)
rPois    +         Spirit   .   (helmet currently unavailable)
rElec    .         Reflect  .   (cloak currently unavailable)
rCorr    .         Harm     .   (gloves currently unavailable)
MR       .....     NoTele   +   (boots currently unavailable)
Stlth    +.........             J - amulet of rage
HPRegen  0.33/turn              (no ring)
MPRegen  0.12/turn              (no ring)

@: tree-form, berserk cooldown, slowed, very slow
A: (change form in water), (swift swim), (stealthy swim)
a: Berserk, Trog's Hand, Brothers in Arms, Renounce Religion, Evoke Berserk Rage


You were on level 9 of the Dungeon.
You worshipped Trog.
Trog was extremely pleased with you.
You were not hungry.
You were a tree.
You visited 1 branch of the dungeon, and saw 9 of its levels.
You also visited: Sewer and Bailey.

You collected 561 gold pieces.
You spent 168 gold pieces at shops.

Inventory:

Hand Weapons
 a - a +0 spear
 b - a +0 trident (weapon)
Missiles
 f - a throwing net
 j - 283 stones
 k - 100 sling bullets
 r - 4 javelins
 w - 8 poisoned needles (quivered)
 D - 5 tomahawks
 Q - 3 javelins of returning
Armour
 m - a +0 pair of boots (melded)
 y - a +0 cloak
 E - a +2 ring mail of cold resistance (melded)
 H - a +0 pair of gloves (melded)
 R - a scarf of repulsion (melded)
 S - a +0 shield (worn)
Jewellery
 J - an amulet of rage (around neck)
Wands
 A - a wand of polymorph (3)
 C - a wand of disintegration (17)
 O - a wand of random effects (17)
Scrolls
 e - 3 scrolls of teleportation
 o - 8 scrolls of remove curse
 p - a scroll of random uselessness {unknown}
 s - a scroll of immolation {unknown}
 t - 5 scrolls of magic mapping {unknown}
 u - 2 scrolls of enchant weapon {unknown}
 v - a scroll of blinking {unknown}
 x - a scroll of fear {unknown}
 z - 2 scrolls of enchant armour {unknown}
 M - 3 scrolls of fog
 N - a scroll of noise {unknown}
 P - a scroll of identify
Potions
 d - 4 potions of flight
 g - a potion of ambrosia
 h - 2 potions of agility
 i - 5 potions of curing
 l - 3 potions of might
 n - a potion of cancellation
 q - a potion of resistance
 B - a potion of mutation
 F - a potion of berserk rage
 I - a potion of magic
 K - 2 potions of haste
 L - a potion of heal wounds
Comestibles
 c - 9 rations


   Skills:
 + Level 13.0 Fighting
 - Level 14.0 Polearms
 - Level 1.5 Armour
 - Level 2.9 Dodging


You had 9 spell levels left.
You didn't know any spells.
Your spell library was empty.

Dungeon Overview and Level Annotations

Branches:
Dungeon (9/15)             Temple (0/1) D:4
   Lair: D:8-11         Orc: D:9-12

Altars:
Ashenzari
Dithmenos
Sif Muna
Trog
Vehumet
Xom
Yredelemnul
Zin

Shops:
D:5 ?   D:8 ?

Annotations:
D:4 1 runed translucent door


Message History

The yak gores you.
* * * LOW HITPOINT WARNING * * *
The orc priest mumbles some strange prayers to Beogh against you.
Beogh smites you!
* * * LOW HITPOINT WARNING * * *
The orc priest looks satisfied for a moment.
You cannot teleport because you are held in place by your roots.
Unknown command.
Unknown command.
You cannot teleport because you are held in place by your roots.
Okay, then.
You cannot teleport because you are held in place by your roots.
As you read the scroll of fog, it crumbles to dust.
The scroll dissolves into smoke.
The yak gores you.
* * * LOW HITPOINT WARNING * * *
You block the orc's attack. The wight barely misses you.
You block the yak's attack.
The orc priest hits you but does no damage. x2
The yak gores you.
You die...

........#######..#
...........z.l...#
............zlzz...YYz..#+##
.........####WY#######.....#
.........# #zY# #....##
.......<.# #YY# #..###
.........# #zz# #hY#
.........# #YY# #.Y# .
.........# #o♣# #lz####..
.........####oo# #........
............§o5#######........
.................Y.Y.W..####..
..#####..####.....l.....# . .
#<.##....#######..# #.Y##.#..#
#..# .......... ..o..
............ ......


You could see 6 yaks, a phantom, 6 wights, 2 orc priests, a crimson imp, 2 orcs
and a leopard gecko.

Vanquished Creatures
  2 two-headed ogres (D:8)
  Pikel (D:5)
  Joseph (D:8)
  2 hungry ghosts (D:7)
  2 black bears
  An ice beast (D:8)
  An orc warrior (D:8)
  A sky beast (D:7)
  A phantom (D:6)
  4 ogres
  3 centaurs
  A big kobold (D:8)
  2 bullfrogs (Sewer)
  A wyvern zombie (D:9)
  A scorpion (D:7)
  5 wights (D:8)
  2 electric eels (D:6)
  A howler monkey (D:4)
  3 centaur zombies
  5 hounds
  3 orc priests
  A jelly (D:5)
  A quasit (D:7)
  2 iguanas
  3 orc wizards
  4 worker ants
  A killer bee zombie (D:8)
  A hound zombie (D:5)
  A howler monkey skeleton (D:5)
  13 adders
  A shadow imp (D:5)
  10 oozes (Sewer)
  An adder zombie (D:6)
  3 worms
  11 dart slugs
  17 leopard geckos
  20 orcs
  10 bats
  13 giant cockroaches
  17 goblins
  4 hobgoblins (D:2)
  20 jackals
  12 kobolds
  A quokka (D:7)
  10 ball pythons
  13 frilled lizards
  6 rats
239 creatures vanquished.

Vanquished Creatures (collateral kills)
  An unseen horror (D:7)
1 creature vanquished.

Vanquished Creatures (others)
  A slave (D:5)
  A dart slug (D:6)
2 creatures vanquished.

Grand Total: 242 creatures vanquished

Notes
Turn   | Place    | Note
-------+----------+-------------------------------------------
     0 | D:1      | misha the Merfolk Berserker began the quest for the Orb.
     0 | D:1      | Reached XP level 1. HP: 18/18 MP: 1/1
   121 | D:1      | Reached XP level 2. HP: 20/24 MP: 2/2
   534 | D:1      | Reached skill level 5 in Polearms
   667 | D:1      | Reached XP level 3. HP: 30/30 MP: 3/3
   872 | D:1      | Reached ** piety under Trog
  1136 | D:1      | You fall through a shaft!
  1257 | D:2      | Found a basalt altar of Yredelemnul.
  1257 | D:2      | Found a radiant altar of Vehumet.
  1273 | D:2      | Found a shadowy altar of Dithmenos.
  1368 | D:2      | Reached skill level 6 in Polearms
  1368 | D:2      | Reached XP level 4. HP: 8/37 MP: 4/4
  2003 | D:3      | Found a shattered altar of Ashenzari.
  2363 | D:3      | Reached XP level 5. HP: 37/43 MP: 5/5
  2618 | D:3      | Found a glowing drain.
  2630 | Sewer    | Entered a sewer
  2639 | Sewer    | Reached skill level 7 in Polearms
  2687 | Sewer    | Reached *** piety under Trog
  2935 | Sewer    | Reached XP level 6. HP: 47/50 MP: 6/6
  2992 | Sewer    | Reached skill level 8 in Polearms
  3141 | Sewer    | Reached skill level 5 in Fighting
  3317 | Sewer    | Identified the Handbook of Venomous Earth
  3509 | D:3      | Reached skill level 9 in Polearms
  3631 | D:3      | Noticed a hippogriff
  3992 | D:4      | Found a glowing silver altar of Zin.
  4001 | D:4      | Noticed an angel
  4002 | D:4      | Found a runed translucent door.
  4020 | D:4      | Reached XP level 7. HP: 51/56 MP: 7/7
  4039 | D:4      | Reached **** piety under Trog
  4222 | D:4      | Found a shimmering altar of Xom.
  4310 | D:4      | Noticed a rust devil
  4325 | D:4      | Found a staircase to the Ecumenical Temple.
  4359 | D:4      | Noticed an angel
  4493 | D:4      | Found a bloodstained altar of Trog.
  4510 | D:4      | Reached skill level 10 in Polearms
  5048 | D:4      | Found a deep blue altar of Sif Muna.
  5294 | D:4      | You fall through a shaft for 2 floors!
  5485 | D:6      | Reached XP level 8. HP: 63/65 MP: 8/8
  5724 | D:6      | Reached skill level 11 in Polearms
  6185 | D:5      | Entered Level 5 of the Dungeon
  6356 | D:5      | Noticed Pikel
  6374 | D:5      | Killed Pikel
  6374 | D:5      | Reached skill level 12 in Polearms
  6381 | D:5      | Reached skill level 13 in Polearms
  6482 | D:5      | Reached XP level 9. HP: 66/73 MP: 9/9
  6590 | D:5      | Found Zeisoom Jod's Magic Scroll Emporium.
  6609 | D:5      | Bought a scroll of fog for 24 gold pieces
  6609 | D:5      | Bought a scroll of remove curse for 36 gold pieces
  6609 | D:5      | Bought a scroll of identify for 24 gold pieces
  6685 | D:5      | Found a deep blue altar of Sif Muna.
  9538 | D:7      | Reached skill level 14 in Polearms
  9681 | D:7      | Reached ***** piety under Trog
  9730 | D:7      | Killed an unseen horror
 10493 | D:8      | Found a flagged portal.
 10557 | D:8      | Noticed a two-headed ogre
 10571 | D:8      | Killed a two-headed ogre
 10571 | D:8      | Reached XP level 10. HP: 18/87 MP: 10/10
 10872 | Bailey   | Entered a bailey
 11373 | D:8      | Noticed Joseph
 11390 | D:8      | Killed Joseph
 11596 | D:8      | Noticed a two-headed ogre
 11610 | D:8      | Killed a two-headed ogre
 11801 | D:8      | Found Jisor's Magic Scroll Shoppe.
 11806 | D:8      | Bought 3 scrolls of fog for 84 gold pieces
 12365 | D:9      | HP: 5/138 [yak (5)]
 12365 | D:9      | Slain by a yak

Skill      XL: |  1  2  3  4  5  6  7  8  9 10 |
---------------+-------------------------------+-----
Polearms       | 5 6 7 9 10 13 14 | 14.0
Fighting       | 4 5 6 7 11 13 | 13.0
Armour         | |  1.5
Dodging        | |  2.9

Action                   |  1- 3 |  4- 6 |  7- 9 | 10-12 || total
-------------------------+-------+-------+-------+-------++-------
Melee: Spear             |   160 |   137 |       |       ||   297
       Trident           |       |   146 |   353 |   138 ||   637
       Tailslap          |       |    18 |       |       ||    18
Invok: Berserk           |     2 |     1 |     4 |     3 ||    10
       Brothers in Arms  |       |       |     1 |       ||     1
 Abil: Evoke Berserk Rag |       |       |     2 |     1 ||     3
  Use: Potion            |       |     1 |       |     3 ||     4
       Scroll            |       |       |    11 |     2 ||    13
 Stab: Sleeping          |     2 |       |       |       ||     2
  Eat: Chunk             |     3 |     6 |    15 |     4 ||    28
       Ration            |       |     1 |     5 |     2 ||     8
Armor: Animal skin       |    19 |    24 |       |       ||    43
       Ring mail         |       |       |    70 |    23 ||    93
       Skin              |       |       |       |    43 ||    43
Dodge: Dodged            |    85 |   143 |   110 |    58 ||   396
Block: Shield            |       |       |       |    32 ||    32
